 Dungeon Sprint DCSS version 0.15-a0-1403-g2cecdf4 (webtiles) character file.

3168 PolkaDot the Imperceptible (level 9, -8/57 HPs)
             Began as a Vampire Enchanter on June 11, 2014.
             Was an Initiate of Sif Muna.
             Mangled by a demonic crawler (11 damage)
             ... in the Dungeon (Sprint I: "Red Sonja").
             The game lasted 00:11:36 (2691 turns).

PolkaDot the Imperceptible (Vampire Enchanter)      Turns: 2691, Time: 00:11:37

HP  -8/57        AC  4     Str  7      XL: 9   Next: 63%
MP  10/14        EV 17     Int 28      God: Sif Muna [......]
Gold 484         SH  0     Dex 14      Spells:  5 memorised,  0 levels left

rFire  . . .     SeeInvis +     f - +5,+4 dagger (vamp)
rCold  + + +     Clarity  .     b - +1 robe
rNeg   + + +     rCorr    .     (no shield)
rPois  +         rRot     +     i - +0 helmet {Int+3}
rElec  .         Spirit   .     (no cloak)
SustAb .         Warding  .     (no gloves)
rMut   .         NoTele   +     (no boots)
Gourm  .                        (no amulet)
MR     .....                    (no ring)
                                g - ring of protection from cold

@: brilliant, bloodless, non-regenerating, not resistant to hostile
enchantments, incredibly stealthy
A: bottle blood, fangs 3, see invisible, unbreathing
a: Bat Form, Bottle Blood, Renounce Religion


You were in the Dungeon.
You worshipped Sif Muna.
Sif Muna was noncommittal.
You were bloodless.

You visited 1 branch You collected 807 gold pieces.
You spent 323 gold pieces at shops.

Inventory:

Hand weapons
 f - a +5,+4 vampiric dagger (weapon)
Armour
 b - a +1 robe (worn)
 i - a +0 helmet of intelligence (worn)
Magical devices
 d - a wand of digging (12) {unknown}
Scrolls
 j - a scroll of blinking
Jewellery
 g - a ring of protection from cold (left hand)
Potions
 a - 2 potions of curing
 h - 2 potions of magic
Books
 c - a book of Maledictions

   Spells                             Type                      Level
   *Corona                            Hexes                        1
   *Sure Blade                        Hexes/Charms                 2
   *Ensorcelled Hibernation           Hexes/Ice                    2
   *Confuse                           Hexes                        3
   Dazzling Spray                     Conjuration/Hexes            3
   *Enslavement                       Hexes                        4


   Skills:
 - Level 5.0 Short Blades
 - Level 8.7 Dodging
 * Level 21.5 Stealth
 - Level 2.0 Spellcasting
 + Level 17.6 Hexes
 + Level 1.8 Charms
 - Level 3.5 Ice Magic


You couldn't memorise any spells.
You knew the following spells:

 Your Spells              Type           Power        Failure   Level  Hunger
a - Corona                Hex            #######      0%          1    None
b - Sure Blade            Hex/Chrm       ######....   1%          2    ##.....
c - Confuse               Hex            #######.     1%          3    ###....
d - Ensorcelled Hibernat  Hex/Ice        ######       1%          2    ##.....
e - Enslavement           Hex            #######.     1%          4    ####...


Dungeon Overview and Level Annotations

Branches:
Dungeon (1/1)

Altars:
Cheibriados
Dithmenos
Elyvilon
Fedhas
Gozag
Kikubaaqudgha
Makhleb
Nemelex Xobeh
Okawaru
Qazlal
Sif Muna
Trog
Vehumet
Xom
Yredelemnul
Zin
The Shining One
Jiyva

Shops:
D [([

Annotations:
D exclusion: oklob plant


Innate Abilities, Weirdness & Mutations

You do not heal naturally.
You can bottle blood from corpses.
You have razor-sharp teeth.*
You have supernaturally acute eyesight.
You can survive without breathing.*


Message History

You feel clever all of a sudden. The demonic crawler misses you. x2
The demonic crawler hits you!
* * * LOW HITPOINT WARNING * * *
The demonic crawler hits you!
* * * LOW HITPOINT WARNING * * *
The demonic crawler barely misses you. x2
Casting: Ensorcelled Hibernation
Confirm with . or Enter, or press ? or * to list all spells.
Aiming: Enslavement
Press: ? - help, Shift-Dir - straight line, f - demonic crawler
Aim: a demonic crawler (clinging)
The demonic crawler resists with almost no effort.
The demonic crawler hits you but does no damage.
The demonic crawler closely misses you. The demonic crawler hits you.
* * * LOW HITPOINT WARNING * * *
The demonic crawler hits you but does no damage.
The demonic crawler completely misses you.
The demonic crawler hits you!
You die...

#####################
)').#.)'..#__#..@ss.#
.#..'..#..'..'..#s..##+#
###'#####'#__####...'%.#
##..#...#%####§§#####..+
_####..##.#§≈≈§)#..# +##
..._##'#..§§§§§.'§§#
.∩...'..._#§§≈§§#..#
..._##_)#'##§#####+#
____###'#.#(..[###P+


You could see 3 demonic crawlers.

Vanquished Creatures
  2 centaur warriors (D)
  A deep troll (D)
  A kobold demonologist (D)
  A demonic crawler (D)
  Sonja (D)
  A slime creature (D)
  A yak (D)
  A yellow wasp (D)
  An ogre (D)
  Sigmund (D)
  A jelly (D)
  Ijyb (D)
  A giant eyeball (D)
  A giant spore (D)
  2 ballistomycetes (D)
17 creatures vanquished.

Vanquished Creatures (collateral kills)
  A kobold demonologist (D)
  An iron imp (D)
2 creatures vanquished.

Vanquished Creatures (others)
  A gargoyle (D)
  A giant spore (D)
2 creatures vanquished.

Grand Total: 21 creatures vanquished

Notes
Turn   | Place    | Note
--------------------------------------------------------------
     0 | D        | PolkaDot, the Vampire Enchanter, began the quest for the Orb.
     0 | D        | Reached XP level 1. HP: 13/13 MP: 3/3
     2 | D        | Noticed Ijyb
    36 | D        | Killed Ijyb
    36 | D        | Reached skill level 6 in Stealth
    36 | D        | Reached XP level 2. HP: 11/19 MP: 4/4
   169 | D        | Learned a level 2 spell: Ensorcelled Hibernation
   171 | D        | Noticed an ogre
   176 | D        | Killed an ogre
   176 | D        | Reached skill level 8 in Stealth
   176 | D        | Reached skill level 9 in Hexes
   176 | D        | Reached XP level 3. HP: 24/24 MP: 0/6
   176 | D        | Reached XP level 4. HP: 30/30 MP: 0/7
   248 | D        | Learned a level 3 spell: Confuse
   256 | D        | Noticed Sigmund
   262 | D        | Killed Sigmund
   262 | D        | Reached skill level 11 in Hexes
   262 | D        | Reached XP level 5. HP: 35/35 MP: 3/9
   326 | D        | Found a deep blue altar of Sif Muna.
   327 | D        | Noticed a jelly
   328 | D        | Found a radiant altar of Vehumet.
   332 | D        | Killed a jelly
   332 | D        | Reached skill level 5 in Short Blades
   332 | D        | Reached skill level 10 in Stealth
   342 | D        | Noticed Sonja
   351 | D        | Killed Sonja
   351 | D        | Reached skill level 14 in Stealth
   351 | D        | Reached XP level 6. HP: 28/41 MP: 5/10
   653 | D        | Found Laimopy's Antique Weapon Emporium.
   653 | D        | Found a white marble altar of Elyvilon.
   653 | D        | Found a stormy altar of Qazlal.
   653 | D        | Found a burning altar of Makhleb.
   653 | D        | Found a basalt altar of Yredelemnul.
   653 | D        | Found a glowing golden altar of the Shining One.
   653 | D        | Found a sparkling altar of Nemelex Xobeh.
   653 | D        | Found a shimmering altar of Xom.
   653 | D        | Found an opulent altar of Gozag.
   653 | D        | Found an ancient bone altar of Kikubaaqudgha.
   653 | D        | Found a glowing silver altar of Zin.
   653 | D        | Noticed a yak
   654 | D        | Found an iron altar of Okawaru.
   655 | D        | Killed a yak
   655 | D        | Reached skill level 15 in Stealth
   655 | D        | Reached XP level 7. HP: 46/46 MP: 12/12
   656 | D        | Found a bloodstained altar of Trog.
   660 | D        | Bought a runed dagger for 38 gold pieces
   674 | D        | Learned a level 4 spell: Enslavement
   802 | D        | Found a viscous altar of Jiyva.
   802 | D        | Found a blossoming altar of Fedhas.
   802 | D        | Noticed a slime creature
   803 | D        | Found a snail-covered altar of Cheibriados.
   803 | D        | Found a shadowy altar of Dithmenos.
   805 | D        | Killed a slime creature
   805 | D        | Reached skill level 16 in Stealth
   818 | D        | Noticed a kobold demonologist
   819 | D        | Noticed a kobold demonologist
   821 | D        | Noticed a sixfirhy
   821 | D        | Killed a kobold demonologist
   821 | D        | Reached skill level 17 in Stealth
   821 | D        | Reached skill level 15 in Hexes
   821 | D        | Reached XP level 8. HP: 52/52 MP: 10/13
   825 | D        | Noticed a soul eater
   827 | D        | Killed a kobold demonologist
   827 | D        | Reached skill level 18 in Stealth
   832 | D        | Paralysed by a giant eyeball for 4 turns
  1224 | D        | Noticed a demonic crawler
  1224 | D        | Noticed a demonic crawler
  1224 | D        | Noticed a demonic crawler
  1224 | D        | Noticed a demonic crawler
  1238 | D        | Noticed a centaur warrior
  1264 | D        | Noticed a deep troll
  1268 | D        | Killed a deep troll
  1268 | D        | Reached skill level 19 in Stealth
  1333 | D        | Found Smuttoucs' Armour Emporium.
  1338 | D        | Bought a +0 helmet of intelligence for 138 gold pieces
  1361 | D        | Found Plobof's Antique Armour Boutique.
  1452 | D        | Killed a gargoyle
  1730 | D        | Bought a transparent leather armour for 147 gold pieces
  1731 | D        | Identified the +0 leather armour "Does" {Str+4 Dex-4} (You bought it in a shop in the Dungeon)
  1734 | D        | Noticed a shining eye
  1734 | D        | Noticed a shining eye
  1754 | D        | Noticed a centaur warrior
  1760 | D        | Killed a centaur warrior
  1760 | D        | Reached skill level 20 in Stealth
  1760 | D        | Reached XP level 9. HP: 55/57 MP: 5/14
  1763 | D        | Killed a centaur warrior
  1763 | D        | Reached skill level 21 in Stealth
  1857 | D        | Noticed a yellow wasp
  1860 | D        | Killed a yellow wasp
  1872 | D        | Noticed an oklob plant
  1967 | D        | Learned a level 2 spell: Sure Blade
  2668 | D        | Became a worshipper of Sif Muna the Loreminder
  2685 | D        | Killed a demonic crawler
  2685 | D        | Reached skill level 1 in Charms
  2691 | D        | Mangled by a demonic crawler

Action                   |  1- 3 |  4- 6 |  7- 9 || total
-------------------------+-------+-------+-------++-------
Melee: Dagger            |    30 |     5 |    26 ||    61
 Cast: Corona            |     1 |       |       ||     1
       Ensorcelled Hiber |     1 |     2 |    10 ||    13
       Enslavement       |       |       |     6 ||     6
  Use: Potion            |     5 |       |     2 ||     7
       Scroll            |       |       |     3 ||     3
 Stab: Sleeping          |     2 |     4 |     8 ||    14
